Map: [ESL] Alcyone

Players

Nicoract - Winner!

  • Race: Terran Terran
  • Spawn Location: 1:00

Rodzyn

  • Race: Protoss Protoss
  • Spawn Location: 7:00

Event: ESL SC2 Masters 2024 Spring (Regional)

VOD

Have the link to the VOD?

Description

Time

  • Played on: April 17, 2024, 1:23 p.m.
  • Length: 13:05

All games in this series

Show
View Real Time Build Order
Export as new Build Order

Nicoract Terran - Winner!

Build Orders:  

Get SALT Encoding   

  12  0:00  SCV  
  13  0:12  SCV  
  14  0:18  Supply Depot  
  14  0:24  SCV  
  15  0:39  SCV  
  15  0:40  Barracks  
  16  0:43  Refinery  
  16  0:51  SCV  
  16  0:53  Refinery  
  17  1:03  SCV  
  18  1:15  SCV  
  19  1:27  Supply Depot, Reaper  
  19  1:28  Orbital Command  
  20  1:41  Factory  
  20  1:54  SCV  
  21  1:59  Barracks Reactor  
  21  2:06  SCV  
  22  2:15  Command Center  
  22  2:18  SCV  
  23  2:24  Hellion  
  25  2:30  Supply Depot  
  25  2:31  SCV  
  25  2:36  Reaper x2  
  28  2:43  SCV  
  29  2:46  Hellion  
  31  2:56  SCV  
  31  2:57  Starport  
  32  3:08  Widow Mine, SCV, Marine x2  
  37  3:20  SCV  
  37  3:26  Marine x2  
  40  3:32  SCV  
  41  3:36  Widow Mine  
  43  3:44  SCV, Marine x2  
  43  3:47  Medivac  
  46  3:50  Orbital Command  
  46  3:57  SCV  
  46  4:02  Factory Tech Lab, Marine x2  
  48  4:09  SCV  
  46  4:13  Bunker  
  46  4:14  Supply Depot  
  46  4:15  SCV  
  46  4:17  Starport Tech Lab  
  46  4:19  Marine  
  46  4:20  Marine  
  46  4:21  SCV  
  49  4:25  Siege Tank  
  49  4:27  SCV  
  53  4:33  SCV  
  53  4:36  Raven  
  53  4:37  Supply Depot  
  56  4:39  SCV  
  56  4:41  Supply Depot, Marine x2  
  56  4:45  SCV  
  60  4:51  SCV  
  61  4:54  Barracks  
  61  4:55  Barracks  
  61  4:57  SCV  
  61  4:59  Marine x2  
  64  5:02  Siege Tank  
  64  5:05  SCV  
  64  5:06  Refinery  
  68  5:09  SCV  
  65  5:16  Engineering Bay  
  65  5:17  SCV, Refinery  
  65  5:18  Starport Reactor  
  65  5:20  Marine x2  
  66  5:24  SCV, Supply Depot  
  67  5:29  SCV  
  67  5:35  Supply Depot  
  68  5:36  SCV  
  68  5:39  Marine x2  
  68  5:41  SCV  
  72  5:44  Terran Infantry Weapons Level 1  
  72  5:47  Factory Reactor  
  72  5:48  SCV  
  73  5:54  SCV, Supply Depot  
  74  5:59  Marauder, Marine x2  
  74  6:03  Combat Shield  
  78  6:05  Marauder  
  78  6:09  Supply Depot  
  80  6:13  Medivac x2  
  80  6:17  SCV x2  
  86  6:22  Marauder, Marine  
  86  6:23  Marine  
  90  6:29  SCV x2, Marauder  
  90  6:32  Supply Depot  
  94  6:34  Widow Mine  
  94  6:35  Widow Mine  
  98  6:41  Marine x2  
  98  6:46  Supply Depot  
  100  6:48  Marauder  
  100  6:52  Marauder  
  103  7:00  Medivac x2  
  104  7:03  Stimpack  
  104  7:05  Command Center, Marine x2  
  104  7:06  SCV x2  
  107  7:14  Marauder  
  107  7:15  Marauder  
  110  7:17  Widow Mine x2  
  110  7:18  SCV x2  
  110  7:22  Concussive Shells  
  114  7:23  Supply Depot  
  113  7:30  SCV x2, Marine  
  113  7:36  Marauder  
  111  7:37  Marine  
  111  7:38  Marauder  
  111  7:39  Terran Infantry Armor Level 1  
  111  7:42  SCV x2  
  110  7:46  Barracks x2  
  110  7:49  Marine  
  111  7:54  Medivac x2  
  111  7:55  SCV  
  111  7:56  Marine  
  117  7:58  Marauder  
  117  8:01  SCV  
  118  8:06  Supply Depot, Marauder  
  118  8:07  SCV  
  121  8:12  Marine  
  121  8:14  Ghost Academy  
  121  8:18  Orbital Command  
  121  8:19  Marine  
  123  8:21  Marauder  
  123  8:23  Missile Turret  
  123  8:24  Missile Turret  
  125  8:31  Refinery, Marauder  
  125  8:32  Refinery  
  125  8:33  Barracks Tech Lab, Barracks Reactor  
  127  8:35  Marine  
  127  8:37  Medivac x2  
  127  8:38  SCV  
  127  8:40  Marine  
  132  8:46  Marauder  
  138  8:48  SCV x2  
  133  9:00  Marine x2  
  133  9:01  Marauder x2  
  139  9:07  Viking  
  139  9:08  Viking  
  139  9:09  Marine  
  131  9:10  SCV x2, Marauder  
  128  9:19  Marine x2  
  128  9:20  SCV  
  128  9:22  SCV  
  128  9:24  Marauder, Marine x2  
  130  9:29  Starport  
  130  9:30  Supply Depot  
  130  9:31  Marine  
  133  9:35  Marauder  
  133  9:37  Marine  
  136  9:42  Viking x2  
  136  9:45  SCV x2  
  141  9:48  Marauder, Marine  
  141  9:50  Command Center  
  144  9:55  Armory, Engineering Bay  
  144  10:01  SCV x3  
  144  10:02  Ghost x2, Marine x3  
  154  10:10  Medivac x2  
  158  10:16  Sensor Tower, Marine  
  158  10:17  Ghost  
  158  10:19  SCV x3  
  164  10:22  Marine x2  
  164  10:23  Marine  
  164  10:25  Viking  
  164  10:26  Viking  
  171  10:33  Marauder x2  
  171  10:34  SCV x3  
  178  10:37  Marine  
  178  10:41  Marine x2  
  181  10:50  Marine  
  181  10:51  Marauder  
  181  10:54  Barracks  
  181  10:55  Medivac, Barracks  
  181  10:56  Barracks  
  186  11:05  Marine x2  
  186  11:06  Marine  
  189  11:15  Marine  
  189  11:16  Marauder x2, Marine  
  193  11:22  Viking x2  
  196  11:25  Marine  
  196  11:27  Marine  
  196  11:30  Marine  
  197  11:34  Marauder  
  197  11:36  Marine  
  197  11:37  Marauder x2  
  199  11:40  Planetary Fortress  
  199  11:42  Barracks Tech Lab x2, Missile Turret  
  199  11:50  Marine  
  199  11:51  Marine  
  199  11:53  Marine x2  
  191  11:54  Marine  
  191  11:55  Marauder  
  191  11:59  Marauder x2  
  195  12:02  Marauder, Marine  
  195  12:08  Marine  
  197  12:09  Marine  
  197  12:11  Marine x2  
  197  12:16  Marine  
  197  12:17  Marauder  
  200  12:23  Command Center  
  200  12:24  Marauder  
  198  12:31  Marine, Marauder  
  185  12:38  Marauder  
  185  12:39  Marine  
  185  12:40  Marauder  
  173  12:44  Marine  
  173  12:45  Marine  
  173  12:46  Marine  
Show
View Real Time Build Order
Export as new Build Order

Rodzyn Protoss 

Build Orders: 1 Gate Expand, Blink Stalkers 

Get SALT Encoding   

  12  0:00  Probe  
  13  0:12  Probe  
  14  0:17  Pylon  
  14  0:24  Probe (Chrono Boost)  
  16  0:36  Probe (Chrono Boost)  
  16  0:37  Gateway  
  16  0:43  Probe (Chrono Boost)  
  16  0:46  Assimilator  
  17  0:51  Probe  
  18  1:03  Probe  
  19  1:15  Probe  
  20  1:24  Cybernetics Core  
  20  1:32  Nexus  
  21  1:40  Pylon  
  21  1:42  Probe  
  21  1:48  Assimilator  
  21  1:54  Probe  
  22  1:58  Adept (Chrono Boost)  
  24  2:02  Warp Gate  
  24  2:06  Probe  
  25  2:18  Probe  
  25  2:21  Stalker  
  28  2:30  Probe  
  28  2:31  Twilight Council  
  29  2:42  Probe  
  30  2:52  Probe  
  30  2:55  Stalker, Probe (Chrono Boost)  
  30  2:58  Gateway  
  34  3:03  Blink (Chrono Boost)  
  34  3:04  Probe (Chrono Boost)  
  37  3:13  Probe (Chrono Boost)  
  37  3:14  Probe (Chrono Boost)  
  37  3:17  Shield Battery  
  37  3:21  Probe  
  37  3:23  Probe  
  39  3:30  Robotics Facility  
  39  3:33  Probe  
  36  3:47  Probe  
  34  3:51  Stalker  
  34  3:52  Stalker  
  34  4:00  Probe (Chrono Boost)  
  31  4:07  Probe (Chrono Boost)  
  30  4:10  Probe (Chrono Boost)  
  30  4:14  Probe (Chrono Boost)  
  30  4:15  Probe (Chrono Boost)  
  31  4:25  Probe (Chrono Boost)  
  31  4:28  Observer, Probe (Chrono Boost)  
  31  4:30  Pylon  
  33  4:37  Probe (Chrono Boost)  
  35  4:42  Stalker  
  35  4:44  Probe (Chrono Boost)  
  39  4:45  Probe (Chrono Boost)  
  39  4:51  Stalker, Probe  
  39  4:52  Probe  
  43  5:01  Pylon  
  43  5:02  Observer  
  43  5:03  Probe (Chrono Boost)  
  43  5:05  Probe (Chrono Boost)  
  44  5:15  Probe (Chrono Boost)  
  46  5:21  Observer  
  46  5:22  Probe (Chrono Boost)  
  46  5:25  Probe (Chrono Boost)  
  46  5:28  Pylon, Probe  
  48  5:35  Probe  
  48  5:37  Charge  
  48  5:38  Nexus  
  48  5:40  Pylon, Probe  
  50  5:47  Probe  
  50  5:52  Probe  
  50  6:00  Assimilator x2, Probe  
  50  6:01  Stalker  
  53  6:11  Probe  
  54  6:12  Stalker, Probe  
  54  6:13  Observer  
  57  6:23  Probe  
  57  6:24  Robotics Bay  
  57  6:27  Gateway  
  57  6:29  Gateway  
  57  6:31  Probe  
  58  6:35  Probe (Chrono Boost)  
  59  6:41  Pylon  
  59  6:43  Probe (Chrono Boost)  
  61  6:47  Sentry, Probe (Chrono Boost)  
  61  6:50  Shield Battery  
  61  6:53  Probe (Chrono Boost)  
  65  6:54  Probe (Chrono Boost)  
  65  7:01  Zealot  
  65  7:03  Probe  
  68  7:08  Gateway  
  68  7:09  Disruptor (Chrono Boost)  
  68  7:11  Gateway  
  70  7:16  Shield Battery  
  70  7:23  Zealot x2  
  70  7:24  Zealot x2  
  70  7:26  Probe  
  79  7:35  Probe  
  76  7:37  Probe  
  76  7:38  Colossus (Chrono Boost)  
  76  7:40  Probe  
  74  7:46  Stalker x2  
  74  7:47  Zealot, Probe  
  74  7:49  Observer, Probe  
  82  7:56  Observer  
  82  7:58  Zealot  
  82  8:03  Probe  
  82  8:05  Pylon  
  85  8:08  Stalker  
  85  8:09  Stalker x2, Probe x2  
  93  8:14  Forge  
  93  8:15  Probe  
  93  8:16  Pylon  
  94  8:21  Probe, Colossus (Chrono Boost)  
  94  8:25  Extended Thermal Lance (Chrono Boost)  
  101  8:30  Pylon  
  99  8:41  Zealot x5  
  99  8:47  Sentry  
  97  9:07  Zealot x3  
  97  9:08  Zealot x2  
  101  9:16  Probe  
  90  9:20  Probe  
  90  9:22  Stalker  
  90  9:23  Pylon  
  93  9:31  Zealot x2, Probe  
  89  9:32  Zealot x2  
  89  9:37  Probe  
  98  9:38  Colossus (Chrono Boost)  
  98  9:44  Probe  
  97  9:47  Zealot  
  97  9:49  Probe  
  97  9:52  Gateway  
  100  9:53  Zealot x4, Gateway  
  100  9:55  Protoss Ground Weapons Level 1 (Chrono Boost)  
  100  9:57  Probe  
  100  9:59  Photon Cannon  
  109  10:05  Probe x2  
  111  10:14  Assimilator x2  
  111  10:15  Robotics Facility  
  111  10:16  Pylon  
  111  10:17  Probe  
  111  10:21  Observer (Chrono Boost)  
  111  10:26  Stalker x2, Photon Cannon  
  111  10:27  Shield Battery  
  111  10:28  Stalker  
  118  10:33  Disruptor (Chrono Boost), Stalker, Shield Battery  
  124  10:40  Sentry  
  124  10:41  Stalker  
  128  10:49  Pylon  
  128  10:50  Pylon  
  128  10:55  Stalker x2  
  132  11:05  Disruptor (Chrono Boost)  
  132  11:06  Pylon x2, Disruptor (Chrono Boost)  
  140  11:13  Zealot  
  140  11:14  Zealot x3, Pylon  
  147  11:30  Stalker x4  
  149  11:37  Colossus (Chrono Boost)  
  133  11:43  Probe  
  133  11:44  Probe  
  133  11:45  Probe  
  140  11:52  Zealot x4  
  140  11:54  Nexus  
  148  11:55  Pylon  
  148  11:56  Probe  
  148  11:57  Probe  
  146  12:01  Probe  
  139  12:17  Zealot x8  
  122  12:38  Stalker x7  
  122  12:39  Stalker  
  116  12:51  Probe x2  
  107  13:01  Nexus  
Tags
 
Add a new tag
Caveats
  • Supply blocks, unpowered buildings, or Contaminate may cause inaccurate times.
  • Supply counts are checked every 10 seconds.